[Event "Titled Tuesday Blitz June 21 Early 2022"]
[White "Goltsev, Dmitry"]
[Black "Borisova, Ekaterina"]
[WhiteFideId "24176710"]
[BlackFideId "34124184"]
[WhiteElo "2258"]
[BlackElo "2039"]
[Result "1-0"]
[Round "01"]
[TimeControl "180+1"]
[Date "2022.06.21"]
[WhiteClock "0:01:23"]
[BlackClock "0:00:06"]

1. e4 c5 2. Nf3 Nc6 3. d4 cxd4 4. Nxd4 Nf6 5. Nc3 e5 6. Ndb5 d6 7. Nd5 Nxd5 8. exd5 Ne7 9. c4 Ng6 10. Qa4 Bd7 11. Qb4 Qb8 12. Be3 b6 13. a4 Be7 14. a5 a6 15. Nc3 b5 16. cxb5 axb5 17. Bxb5 O-O 18. O-O f5 19. Bb6 Bxb5 20. Nxb5 Qb7 21. Rac1 Nf4 22. Rc6 Kh8 23. Qc4 Qd7 24. Rc7 Qe8 25. g3 Ng6 26. Qc6 e4 27. Qxe8 Rfxe8 28. Rfc1 Ne5 29. Rb7 Bg5 30. Rcc7 Nf3+ 31. Kg2 Bf6 32. Nxd6 Rf8 33. Nxf5 Bxb2 34. Nxg7 e3 35. Bxe3 Rxa5 36. Ne6 Ne1+ 37. Kf1 1-0


[Site "https://www.chess.com"]

[Event "Titled Tuesday Blitz June 21 Early 2022"]
[White "Goltseva, Ekaterina"]
[Black "Xiong, Jeffery"]
[WhiteFideId "24173770"]
[BlackFideId "2047640"]
[WhiteElo "2086"]
[BlackElo "2714"]
[Result "0-1"]
[Round "01"]
[TimeControl "180+1"]
[Date "2022.06.21"]
[WhiteClock "0:00:08"]
[BlackClock "0:00:51"]

1. d4 Nf6 2. c4 e6 3. Nc3 Bb4 4. g3 Bxc3+ 5. bxc3 O-O 6. Bg2 d6 7. e4 Nc6 8. Ne2 e5 9. O-O b6 10. Ba3 Ba6 11. Qa4 Na5 12. dxe5 dxe5 13. Bxf8 Qxf8 14. Rfd1 Bxc4 15. Nc1 Qc5 16. Nd3 Qe7 17. Nb4 Qc5 18. Nd5 Bxd5 19. exd5 Rd8 20. Qb4 Qd6 21. Rab1 Nd7 22. a3 Re8 23. c4 Nc5 24. Qc3 e4 25. Re1 f5 26. Rbc1 Nd3 27. Qxd3 exd3 28. Rxe8+ Kf7 29. Re3 d2 30. Rd1 Nxc4 31. Rc3 Qe5 32. Bf1 Qxc3 0-1


[Site "https://www.chess.com"]

[Event "Titled Tuesday Blitz June 21 Early 2022"]
[White "Gormally, Daniel W"]
[Black "Mickiewicz, Piotr"]
[WhiteFideId "406465"]
[BlackFideId "1114891"]
[WhiteElo "2543"]
[BlackElo "2209"]
[Result "1/2-1/2"]
[Round "01"]
[TimeControl "180+1"]
[Date "2022.06.22"]
[WhiteClock "0:00:28"]
[BlackClock "0:00:12"]

1. d4 d5 2. c4 e6 3. Nf3 Nf6 4. Nc3 c6 5. Bg5 Nbd7 6. e3 Qa5 7. cxd5 Nxd5 8. Qd2 Bb4 9. Rc1 h6 10. Bh4 Nxc3 11. bxc3 Ba3 12. Rb1 b6 13. Qd3 O-O 14. Be2 Bb7 15. O-O c5 16. Nd2 cxd4 17. Nc4 Qa6 18. cxd4 g5 19. Bg3 Be7 20. Qd2 Qa4 21. Qd1 Qxd1 22. Rfxd1 Rac8 23. Rdc1 Nf6 24. Nd6 Bxd6 25. Bxd6 Rfe8 26. Bb5 Rxc1+ 27. Rxc1 Rc8 28. Rxc8+ Bxc8 29. f3 Bd7 30. Ba6 Nd5 31. Kf2 Nc3 32. Bc4 Bb5 33. Bxb5 Nxb5 34. Bb8 a6 35. Ke1 Nc3 36. a3 Nd5 37. Kd2 Ne7 38. Ba7 b5 39. Bc5 Nc6 40. e4 f5 41. exf5 exf5 42. d5 Ne5 43. Kc3 Nd7 44. Bd4 Kf7 45. Kb4 Ke7 46. Bg7 Kd6 47. Bxh6 g4 48. fxg4 fxg4 49. Ka5 Kxd5 50. Kxa6 Kc4 51. Bf4 Nc5+ 52. Ka5 Nd3 53. Bg3 Nc5 54. h4 gxh3 55. gxh3 Nb3+ 56. Kb6 Nd4 57. h4 Nf5 58. Be1 Ng7 59. Kc6 Nh5 60. Bb4 Ng3 61. Kd7 Kd5 62. Be1 Nh5 63. Ke7 Ke5 64. Bc3+ Kf5 65. Kd6 Nf4 66. Kc6 Ne2 67. Be1 Nd4+ 68. Kc5 Nc2 69. Bb4 Kg4 70. Kxb5 Nxa3+ 71. Bxa3 Kxh4 1/2-1/2


[Site "https://www.chess.com"]

[Event "Titled Tuesday Blitz June 21 Early 2022"]
[White "Grigorov, Grigor"]
[Black "Petrovic, Aleksa"]
[WhiteFideId "2907313"]
[BlackFideId "967629"]
[WhiteElo "2510"]
[BlackElo "2117"]
[Result "1-0"]
[Round "01"]
[TimeControl "180+1"]
[Date "2022.06.21"]
[WhiteClock "0:01:43"]
[BlackClock "0:00:13"]

1. d4 Nf6 2. Nf3 e6 3. Bg5 c5 4. e3 h6 5. Bh4 b6 6. Nbd2 Bb7 7. Bd3 Be7 8. c3 Nc6 9. a3 cxd4 10. cxd4 Nh5 11. Bg3 O-O 12. Qe2 f5 13. O-O f4 14. exf4 Nxf4 15. Bxf4 Rxf4 16. Qe3 Qf8 17. Be4 Qf7 18. d5 Bc5 19. Qd3 Ne7 20. dxe6 dxe6 21. Bxb7 Rf8 22. b4 Nf5 23. Be4 Be7 24. g3 Rg4 25. Ne5 1-0


[Site "https://www.chess.com"]

[Event "Titled Tuesday Blitz June 21 Early 2022"]
[White "Grischuk, Alexander"]
[Black "Adewumi, Tanitoluwa"]
[WhiteFideId "4126025"]
[BlackFideId "30966396"]
[WhiteElo "2762"]
[BlackElo "2538"]
[Result "1-0"]
[Round "01"]
[TimeControl "180+1"]
[Date "2022.06.21"]
[WhiteClock "0:00:05"]
[BlackClock "0:00:05"]

1. d4 Nf6 2. Nf3 e6 3. Bf4 b6 4. e3 Bb7 5. h3 Be7 6. Nbd2 O-O 7. Bd3 d6 8. O-O Nbd7 9. Bh2 Re8 10. a4 a6 11. Re1 Bf8 12. c3 e5 13. e4 g6 14. Qc2 Bg7 15. b4 Nh5 16. Nc4 Nf4 17. Bxf4 exf4 18. Ncd2 h5 19. h4 Bf6 20. a5 b5 21. c4 bxc4 22. Bxc4 d5 23. exd5 Rxe1+ 24. Rxe1 Nf8 25. Qe4 Qd6 26. Qb1 Qd7 27. Ne5 Qd8 28. Qb3 Bxh4 29. d6 cxd6 30. Nxf7 Qf6 31. Nxd6+ Kg7 32. Nxb7 Qxd4 33. Ne4 Re8 34. Nbc5 Bxf2+ 35. Kf1 Bxe1 36. Kxe1 Rxe4+ 37. Nxe4 Qxe4+ 38. Kf1 Qd4 39. Bxa6 Qa1+ 40. Ke2 Qe5+ 41. Kf1 Qa1+ 42. Ke2 Qe5+ 43. Kd1 Qd6+ 44. Bd3 Ne6 45. a6 Qb6 46. Qc3+ Kf8 47. Qf6+ Ke8 48. Bxg6+ Kd7 49. Bf5 Qg1+ 50. Kc2 Qxg2+ 51. Kc3 Qc6+ 52. Kb3 Qd5+ 53. Ka3 Qf3+ 54. Ka4 Qc6+ 55. Ka5 Qc7+ 56. Ka4 Qc6+ 57. Kb3 Qd5+ 58. Kc3 Qc6+ 59. Kb2 Qg2+ 60. Kb3 Qf3+ 61. Qc3 Qxc3+ 62. Kxc3 f3 63. Kd2 Kc7 64. Bxe6 f2 65. Ke2 Kb6 66. Bc4 h4 67. Kxf2 h3 68. Kg1 h2+ 69. Kxh2 1-0


[Site "https://www.chess.com"]

[Event "Titled Tuesday Blitz June 21 Early 2022"]
[White "Gubajdullin, Alexei"]
[Black "Glavina, Pablo"]
[WhiteFideId "4141202"]
[BlackFideId "100234"]
[WhiteElo "2280"]
[BlackElo "2369"]
[Result "1-0"]
[Round "01"]
[TimeControl "180+1"]
[Date "2022.06.22"]
[WhiteClock "0:02:19"]
[BlackClock "0:02:30"]

1. d4 d5 2. Nf3 e6 3. Bf4 c5 4. e3 Nc6 5. Nbd2 Nf6 6. c3 cxd4 7. exd4 Nh5 8. Be3 Bd6 9. g3 g6 10. Bg2 O-O 11. O-O Ng7 12. Nb3 f6 13. Re1 e5 14. dxe5 Bxe5 15. Nxe5 fxe5 16. Qxd5+ Qxd5 17. Bxd5+ Kh8 18. Bc5 Re8 19. Bf7 Rd8 20. Rad1 Bf5 21. Rd6 Rxd6 22. Bxd6 Rd8 23. Bxe5 Nxe5 24. Rxe5 Rd1+ 25. Kg2 Rb1 26. Re2 1-0


[Site "https://www.chess.com"]

[Event "Titled Tuesday Blitz June 21 Early 2022"]
[White "Guz, Ari"]
[Black "Lorente Serrano, Rosa Adela"]
[WhiteFideId "2825759"]
[BlackFideId "32091982"]
[WhiteElo "1913"]
[BlackElo "1820"]
[Result "1-0"]
[Round "01"]
[TimeControl "180+1"]
[Date "2022.06.22"]
[WhiteClock "0:00:20"]
[BlackClock "0:00:07"]

1. e4 c5 2. Nf3 d6 3. c3 Nf6 4. h3 g6 5. Bd3 Bg7 6. Bc2 O-O 7. d4 cxd4 8. cxd4 b5 9. O-O a6 10. a4 Bb7 11. Qe2 b4 12. b3 a5 13. Rd1 Nfd7 14. Bb2 Qb6 15. Nbd2 d5 16. Rac1 Ba6 17. Qe3 Nf6 18. Ne5 e6 19. exd5 exd5 20. Qf3 Ra7 21. g4 Re7 22. g5 Nfd7 23. Qxd5 Nxe5 24. dxe5 Bb7 25. Qd4 Qe6 26. Be4 Bxe4 27. Nxe4 Qxh3 28. Nf6+ Bxf6 29. gxf6 Re6 30. Rd3 Qh5 31. Qe4 Nc6 32. Rxc6 Qg5+ 33. Rg3 Qh5 34. Rxe6 fxe6 35. Qg4 Qh6 36. Qxe6+ 1-0


[Site "https://www.chess.com"]

[Event "Titled Tuesday Blitz June 21 Early 2022"]
[White "Hakobyan, Aram"]
[Black "Roberson, Peter T"]
[WhiteFideId "13306677"]
[BlackFideId "412384"]
[WhiteElo "2557"]
[BlackElo "2346"]
[Result "1-0"]
[Round "01"]
[TimeControl "180+1"]
[Date "2022.06.21"]
[WhiteClock "0:01:56"]
[BlackClock "0:00:18"]

1. d4 Nf6 2. Nf3 e6 3. c3 c5 4. Bf4 b6 5. Nbd2 Bb7 6. Nc4 cxd4 7. Nxd4 d5 8. Ne5 Nbd7 9. e3 Nxe5 10. Bxe5 Bd6 11. Qa4+ Ke7 12. Ba6 Bxe5 13. Bxb7 Bxd4 14. Bxa8 Bxc3+ 15. bxc3 Qxa8 16. c4 Rc8 17. cxd5 Nxd5 18. O-O Kf8 19. Rac1 a5 20. e4 Nc3 21. Qa3+ 1-0


[Site "https://www.chess.com"]

[Event "Titled Tuesday Blitz June 21 Early 2022"]
[White "Harvey, Marcus R"]
[Black "Melaugh, Shane"]
[WhiteFideId "400092"]
[BlackFideId "2509580"]
[WhiteElo "2485"]
[BlackElo "1972"]
[Result "1/2-1/2"]
[Round "01"]
[TimeControl "180+1"]
[Date "2022.06.22"]
[WhiteClock "0:00:44"]
[BlackClock "0:01:26"]

1. e4 e6 2. d4 d5 3. e5 c5 4. c3 Nc6 5. Nf3 Nge7 6. dxc5 Ng6 7. b4 Ncxe5 8. Bb2 Nxf3+ 9. Qxf3 Bd7 10. Nd2 Be7 11. a3 O-O 12. c4 Bc6 13. b5 Be8 14. Nb3 Rc8 15. cxd5 exd5 16. Rc1 Bg5 17. Rd1 Qe7+ 18. Qe2 Qc7 19. Qg4 Qe7+ 20. Qe2 Qc7 21. Qg4 Qe7+ 22. Qe2 1/2-1/2


[Site "https://www.chess.com"]

[Event "Titled Tuesday Blitz June 21 Early 2022"]
[White "Heinemann, Josefine"]
[Black "Tisaj, Domen"]
[WhiteFideId "12900460"]
[BlackFideId "14628708"]
[WhiteElo "2300"]
[BlackElo "2326"]
[Result "1-0"]
[Round "01"]
[TimeControl "180+1"]
[Date "2022.06.22"]
[WhiteClock "0:00:45"]
[BlackClock "0:00:17"]

1. e4 c5 2. Nf3 Nc6 3. Bb5 Nf6 4. Nc3 g6 5. O-O Bg7 6. e5 Ng4 7. Bxc6 dxc6 8. Re1 O-O 9. h3 Nh6 10. d3 Nf5 11. Bf4 Nd4 12. Ne4 b6 13. c3 Nxf3+ 14. Qxf3 Be6 15. Ng5 Qc8 16. Nxe6 Qxe6 17. Bg3 Rfd8 18. b3 Rd5 19. Qe4 Rad8 20. Rad1 a5 21. a4 h5 22. f4 Qd7 23. Re3 f5 24. exf6 Bxf6 25. Qxg6+ Bg7 26. Rde1 Qf5 27. Qxc6 Rxd3 28. Rxd3 Rxd3 29. Bh4 Qxf4 30. Qe8+ Kh7 31. Qxh5+ Qh6 32. Qg4 Qg6 33. Bg5 Rxc3 34. Rxe7 Rxb3 35. Qh4+ Kg8 36. Qc4+ Kh7 37. Qxb3 Qxg5 38. Qd3+ Kg8 39. Re8+ Bf8 40. Qc4+ Kg7 41. Re4 Qd2 42. Rg4+ Kh8 43. Rh4+ Bh6 44. Qe4 Kg7 45. Rg4+ Kf6 46. Rg6+ Kf7 47. Qe6+ Kf8 48. Rg8# 1-0


[Site "https://www.chess.com"]

[Event "Titled Tuesday Blitz June 21 Early 2022"]
[White "Hosseinzadeh, Nima"]
[Black "Oparin, Grigoriy"]
[WhiteFideId "12505323"]
[BlackFideId "24125890"]
[WhiteElo "2066"]
[BlackElo "2639"]
[Result "0-1"]
[Round "01"]
[TimeControl "180+1"]
[Date "2022.06.21"]
[WhiteClock "0:00:06"]
[BlackClock "0:01:16"]

1. e4 c5 2. Nf3 d6 3. d4 cxd4 4. Nxd4 Nf6 5. Nc3 Nc6 6. Bg5 e6 7. Qd2 a6 8. O-O-O Bd7 9. f4 Be7 10. Nf3 b5 11. Bxf6 gxf6 12. f5 b4 13. Ne2 Qb6 14. Nf4 O-O-O 15. g3 Rhe8 16. Bh3 Bf8 17. Kb1 Kb8 18. Nh5 Be7 19. Qh6 Ne5 20. Nxe5 fxe5 21. fxe6 fxe6 22. Nf6 Bxf6 23. Qxf6 a5 24. Rd2 a4 25. Rhd1 Bc8 26. Bf1 Qc5 27. Qf3 Bb7 28. Qd3 Rf8 29. Bh3 Rf6 30. Rc1 Bc6 31. c3 b3 32. a3 Kc7 33. c4 Rdf8 34. Rcd1 Rf2 35. Qxd6+ Qxd6 36. Rxd6 Rxh2 37. Bxe6 Rff2 0-1


[Site "https://www.chess.com"]

[Event "Titled Tuesday Blitz June 21 Early 2022"]
[White "Huber, Benedikt"]
[Black "Papasimakopoulos, Alexandros"]
[WhiteFideId "12923583"]
[BlackFideId "4244125"]
[WhiteElo "1979"]
[BlackElo "2340"]
[Result "0-1"]
[Round "01"]
[TimeControl "180+1"]
[Date "2022.06.22"]
[WhiteClock "0:00:10"]
[BlackClock "0:00:13"]

1. d4 d5 2. Bf4 e6 3. e3 Bd6 4. Bg3 Ne7 5. Nf3 Nf5 6. Bd3 Nxg3 7. hxg3 h6 8. Nbd2 c5 9. c3 Nc6 10. g4 e5 11. dxe5 Nxe5 12. Nxe5 Bxe5 13. Nf3 Bxg4 14. Qa4+ Bd7 15. Bb5 Bf6 16. O-O-O a6 17. Bxd7+ Qxd7 18. Qxd7+ Kxd7 19. Rxd5+ Kc6 20. Rhd1 Rad8 21. Ne5+ Kc7 22. Rxc5+ Kb6 23. Rcd5 Rxd5 24. Rxd5 Bxe5 25. Rxe5 g5 26. Re7 Rh7 27. e4 h5 28. e5 g4 29. e6 Rh8 30. exf7 Rf8 31. Kd2 h4 32. Ke3 h3 33. gxh3 gxh3 34. Kf3 Kc6 35. Kg3 b5 36. Kxh3 Kd6 37. Ra7 Ke6 38. Kg4 Kf6 39. Kf4 Rd8 40. Ke4 Kg7 41. Ke5 Rd2 42. f4 Rxb2 43. Rxa6 Rc2 44. Ke6 Rxc3 45. Rb6 Re3+ 46. Kf5 Ra3 47. Rb7 Rxa2 48. Ke6 Re2+ 49. Kd5 b4 50. Kc4 Re1 51. Rd7 Rb1 52. f5 b3 53. f6+ Kf8 54. Kd5 Rd1+ 55. Ke6 Rxd7 0-1


[Site "https://www.chess.com"]

[Event "Titled Tuesday Blitz June 21 Early 2022"]
[White "Ibrahimli, Murad"]
[Black "Ladan, Nicholas"]
[WhiteFideId "13410229"]
[BlackFideId "30918855"]
[WhiteElo "2109"]
[BlackElo "2167"]
[Result "1-0"]
[Round "01"]
[TimeControl "180+1"]
[Date "2022.06.21"]
[WhiteClock "0:00:28"]
[BlackClock "0:00:22"]

1. Nf3 d5 2. d4 Nf6 3. c4 e6 4. Nc3 Bb4 5. cxd5 exd5 6. Bg5 O-O 7. Qb3 Nc6 8. e3 h6 9. Bxf6 Qxf6 10. Qxd5 Rd8 11. Qb3 Bg4 12. Be2 a5 13. O-O Qg6 14. Nh4 Qh5 15. Bxg4 Qxg4 16. Nf3 Rd6 17. h3 Qh5 18. Ne4 Rg6 19. Ng3 Qb5 20. a3 a4 21. Qc2 Bd6 22. Ne4 Qf5 23. Kh1 Re8 24. Nfd2 Rge6 25. f3 Qh5 26. Qxa4 Bf8 27. Qc4 Kh8 28. Rfe1 f5 29. Ng3 Qg6 30. Ngf1 Bd6 31. Qc3 R6e7 32. b4 Nd8 33. e4 fxe4 34. Rxe4 Ne6 35. Rae1 Nf4 36. g3 Nxh3 37. Rxe7 Rxe7 38. Rxe7 Bxe7 39. Qxc7 Bd6 40. Qc8+ 1-0


[Site "https://www.chess.com"]

[Event "Titled Tuesday Blitz June 21 Early 2022"]
[White "Itkis, Boris"]
[Black "Jaracz, Pawel"]
[WhiteFideId "1209167"]
[BlackFideId "1102222"]
[WhiteElo "2207"]
[BlackElo "2459"]
[Result "0-1"]
[Round "01"]
[TimeControl "180+1"]
[Date "2022.06.22"]
[WhiteClock "0:00:19"]
[BlackClock "0:01:34"]

1. Nf3 c5 2. b3 d5 3. e3 a6 4. Bb2 Nc6 5. d4 Bg4 6. Be2 Bxf3 7. Bxf3 cxd4 8. exd4 Nf6 9. O-O g6 10. c4 Bg7 11. Nc3 dxc4 12. d5 Ne5 13. bxc4 O-O 14. Be2 Rc8 15. Qb3 Nfd7 16. Na4 b5 17. cxb5 axb5 18. Bxb5 Rb8 19. f4 Qa5 20. Nc3 Nd3 21. Bxd3 Rxb3 22. axb3 Qc5+ 23. Kh1 Bxc3 24. Rac1 Bxb2 25. Rxc5 Nxc5 26. Bc4 Rb8 27. Re1 Kf8 28. Re3 Bd4 29. Rf3 f5 30. h3 h5 31. g4 hxg4 32. hxg4 fxg4 33. Rg3 Ne4 0-1


[Site "https://www.chess.com"]

[Event "Titled Tuesday Blitz June 21 Early 2022"]
[White "Jakubowska, Anna"]
[Black "Samunenkov, Ihor"]
[WhiteFideId "1121952"]
[BlackFideId "14187086"]
[WhiteElo "1878"]
[BlackElo "2409"]
[Result "0-1"]
[Round "01"]
[TimeControl "180+1"]
[Date "2022.06.22"]
[WhiteClock "0:00:13"]
[BlackClock "0:00:02"]

1. e4 c6 2. d4 d5 3. e5 Bf5 4. Nf3 e6 5. Be2 c5 6. Be3 Qb6 7. Nc3 Nc6 8. dxc5 Bxc5 9. Bxc5 Qxc5 10. Nb5 Rd8 11. Nd6+ Kf8 12. Nxf5 exf5 13. O-O Nge7 14. Bd3 g6 15. e6 f6 16. Re1 Kg7 17. Qd2 Rhe8 18. Qf4 Nc8 19. Nh4 Nd6 20. Qg3 d4 21. h3 Nb4 22. e7 Rd7 23. Re6 Nxd3 24. cxd3 Rexe7 25. Rae1 Kf7 26. Rxe7+ Rxe7 27. Rxe7+ Kxe7 28. Nf3 g5 29. Kh2 h5 30. Nxg5 fxg5 31. Qxg5+ Ke6 32. Qxh5 Qe5+ 33. g3 f4 34. Qg4+ Qf5 35. Qg8+ Kd7 36. Qg7+ Kc6 37. Qxd4 fxg3+ 38. fxg3 Qf1 39. g4 b6 40. g5 Qe2+ 41. Kg3 Nf5+ 0-1


[Site "https://www.chess.com"]

[Event "Titled Tuesday Blitz June 21 Early 2022"]
[White "Jakubowski, Krzysztof"]
[Black "Delorme, Alban"]
[WhiteFideId "1112848"]
[BlackFideId "623636"]
[WhiteElo "2365"]
[BlackElo "2197"]
[Result "1-0"]
[Round "01"]
[TimeControl "180+1"]
[Date "2022.06.22"]
[WhiteClock "0:00:18"]
[BlackClock "0:01:24"]

1. d4 d6 2. e4 Nf6 3. Nc3 g6 4. f4 a6 5. Be3 b5 6. a3 Bb7 7. Bd3 Nbd7 8. Nf3 Bg7 9. O-O O-O 10. Kh1 e5 11. fxe5 dxe5 12. d5 c6 13. dxc6 Bxc6 14. Qe1 Nh5 15. Rd1 Qe7 16. Bg5 f6 17. Bc1 Nc5 18. a4 b4 19. Bc4+ Kh8 20. Nd5 Bxd5 21. Bxd5 Rab8 22. b3 Nf4 23. Bxf4 exf4 24. Qe2 f5 25. e5 g5 26. Rfe1 Rbe8 27. Qc4 Rc8 28. Qxb4 g4 29. Nd4 g3 30. h3 Qc7 31. Nf3 Ne4 32. Bxe4 fxe4 33. Qxe4 Qxc2 34. e6 Rfe8 35. e7 Qxe4 36. Rxe4 Bf6 37. Rde1 Rc7 38. Kg1 Rexe7 39. Rxe7 Bxe7 40. Kf1 Kg7 41. Ke2 Rc2+ 42. Kd3 Rxg2 43. Rxe7+ Kf6 44. Re4 Rb2 45. Rxf4+ Ke6 46. Nd4+ Ke5 47. Rg4 g2 48. Kc3 Rc2+ 49. Kxc2 1-0


[Site "https://www.chess.com"]

[Event "Titled Tuesday Blitz June 21 Early 2022"]
[White "Jeet, Jain"]
[Black "Polster, Christian"]
[WhiteFideId "5073022"]
[BlackFideId "12965081"]
[WhiteElo "2055"]
[BlackElo "2260"]
[Result "0-1"]
[Round "01"]
[TimeControl "180+1"]
[Date "2022.06.22"]
[WhiteClock "0:01:17"]
[BlackClock "0:00:10"]

1. d4 d5 2. Nc3 Nf6 3. Bg5 Nbd7 4. f3 h6 5. Bxf6 Nxf6 6. e4 e6 7. e5 Nd7 8. f4 c5 9. Nf3 Qb6 10. Rb1 cxd4 11. Ne2 Bb4+ 12. c3 Be7 13. Nexd4 Nc5 14. Be2 Bd7 15. O-O O-O 16. Kh1 Ne4 17. Bd3 f5 18. exf6 Nxf6 19. Ne5 Rad8 20. Re1 Rfe8 21. Nxd7 Rxd7 22. Rxe6 Rd6 23. Rxd6 Bxd6 24. Qf3 Qc7 25. g3 Ne4 26. Re1 Bc5 27. Bxe4 dxe4 28. Rxe4 Rd8 29. Qe3 Qd7 30. Kg2 a6 31. h3 Qd5 32. Kh2 Qd7 33. Qd3 b5 34. a4 bxa4 35. Qc4+ Qd5 36. Re8+ Kf7 37. Qxd5+ Rxd5 38. Re5 Rxe5 39. fxe5 a3 40. bxa3 Bxa3 41. Kg2 Bb2 42. Ne2 a5 43. Nd4 a4 44. e6+ Ke7 45. Nc6+ Kxe6 46. Nb4 Bxc3 47. Na2 Bd2 48. Kf3 Ke5 49. g4 Kd4 50. h4 Kc4 51. Ke2 Kb3 52. Kxd2 Kxa2 53. Kc2 g6 54. g5 h5 55. Kc3 Kb1 56. Kb4 Kc2 57. Kxa4 Kd3 58. Kb4 Ke4 59. Kc4 Kf4 60. Kd3 Kg4 61. Ke3 Kxh4 62. Kf4 Kh3 63. Ke5 Kg4 64. Kf6 h4 65. Kxg6 h3 66. Kf7 Kxg5 67. Kg7 h2 68. Kf8 h1=Q 69. Kg8 Qb7 70. Kf8 Kf6 71. Ke8 Qe7# 0-1


[Site "https://www.chess.com"]

[Event "Titled Tuesday Blitz June 21 Early 2022"]
[White "Jobava, Baadur"]
[Black "Obrien, Matthew"]
[WhiteFideId "13601520"]
[BlackFideId "2059150"]
[WhiteElo "2617"]
[BlackElo "2534"]
[Result "0-1"]
[Round "01"]
[TimeControl "180+1"]
[Date "2022.06.21"]
[WhiteClock "0:02:05"]
[BlackClock "0:00:18"]

1. g4 d5 2. e3 e5 3. Bg2 Ne7 4. b3 Nbc6 5. Bb2 Ng6 6. c4 Be6 7. cxd5 Bxd5 8. Bxd5 Qxd5 9. Qf3 e4 10. Nc3 exf3 11. Nxd5 O-O-O 12. Nc3 Nge5 13. Rb1 Nd3+ 14. Kf1 Nxb2 15. Rxb2 Ba3 16. Rb1 Rxd2 17. Nxf3 Rc2 18. Nb5 Rxa2 19. Kg2 Rd8 20. Rhd1 Rxd1 21. Rxd1 Bc5 22. Kg3 Rb2 23. Rd5 b6 24. Ng5 f6 25. Nxh7 Rxb3 26. g5 Rxb5 27. Kg4 fxg5 28. Rxg5 a5 29. Rxg7 a4 30. Nf6 a3 31. Nd5 Bd6 32. Nc3 Rb3 33. Na2 Rb2 34. Nc3 Be5 35. Rg8+ Kb7 36. Na4 Rb4+ 37. f4 Rxa4 38. Kf3 a2 0-1


[Site "https://www.chess.com"]

[Event "Titled Tuesday Blitz June 21 Early 2022"]
[White "Joie, Sebastien"]
[Black "Xu, Yi"]
[WhiteFideId "650420"]
[BlackFideId "8605564"]
[WhiteElo "2397"]
[BlackElo "2471"]
[Result "0-1"]
[Round "01"]
[TimeControl "180+1"]
[Date "2022.06.21"]
[WhiteClock "0:00:20"]
[BlackClock "0:01:05"]

1. Nf3 d5 2. g3 Nf6 3. Bg2 c5 4. O-O Nc6 5. d4 cxd4 6. Nxd4 e5 7. Nxc6 bxc6 8. c4 Be7 9. Nc3 Be6 10. cxd5 cxd5 11. Qa4+ Bd7 12. Qd1 d4 13. Ne4 O-O 14. Nxf6+ Bxf6 15. Bxa8 Qxa8 16. e3 Bh3 17. f3 Rd8 18. e4 Bxf1 19. Kxf1 Qc6 20. Qd3 Rc8 21. Bd2 Qe6 22. b3 h5 23. Rc1 h4 24. Rxc8+ Qxc8 25. g4 g6 26. Qc4 Qd8 27. h3 Bg5 28. Bc1 Qf6 29. Ke2 Kg7 30. Qc2 d3+ 31. Kxd3 Qxf3+ 32. Kc4 Qf1+ 0-1


[Site "https://www.chess.com"]

[Event "Titled Tuesday Blitz June 21 Early 2022"]
[White "Kadric, Denis"]
[Black "Pham, Le Thao Nguyen"]
[WhiteFideId "14403803"]
[BlackFideId "12401226"]
[WhiteElo "2657"]
[BlackElo "2282"]
[Result "0-1"]
[Round "01"]
[TimeControl "180+1"]
[Date "2022.06.22"]
[WhiteClock "0:00:09"]
[BlackClock "0:00:07"]

1. e4 c6 2. Nc3 d5 3. Qe2 dxe4 4. Nxe4 Bf5 5. d3 e6 6. g4 Bg6 7. Bd2 Nd7 8. O-O-O Ngf6 9. f4 Bxe4 10. dxe4 h6 11. Bg2 Qb6 12. h4 Bc5 13. Nh3 O-O-O 14. Bf3 Bb4 15. g5 Ng8 16. c3 Bc5 17. Kb1 Ne7 18. Bc1 Nb8 19. Bg4 Qa6 20. Qf3 Nd7 21. Nf2 Nb6 22. Nd3 Bd6 23. f5 exf5 24. exf5 Kb8 25. f6 gxf6 26. gxh6 f5 27. Bxf5 Nxf5 28. Qxf5 Nc4 29. Qxf7 Qb5 30. b3 Na3+ 31. Bxa3 Bxa3 32. c4 Qa5 33. Qf4+ Ka8 34. Qd2 Qf5 35. Qc2 Rxh6 36. Nb2 Qxc2+ 37. Kxc2 Rhh8 38. Nd3 a6 39. h5 Rd4 40. Rh3 Rd6 41. Rdh1 Rf6 42. b4 a5 43. bxa5 c5 44. Kb3 Bb4 45. Nxb4 cxb4 46. Kxb4 Rhh6 47. c5 Ka7 48. Kb5 Rc6 49. a4 Rce6 50. Rh4 Re2 51. Rb1 Rc2 52. Rbb4 Rc6 53. h6 R2xc5# 0-1


[Site "https://www.chess.com"]

[Event "Titled Tuesday Blitz June 21 Early 2022"]
[White "Kamsky, Gata"]
[Black "Perera Alfonso, Rene Humberto"]
[WhiteFideId "2000024"]
[BlackFideId "3514722"]
[WhiteElo "2645"]
[BlackElo "2313"]
[Result "1-0"]
[Round "01"]
[TimeControl "180+1"]
[Date "2022.06.21"]
[WhiteClock "0:00:45"]
[BlackClock "0:00:08"]

1. d4 d5 2. Bf4 Nf6 3. e3 c5 4. c3 Nc6 5. Nd2 e6 6. Ngf3 Bd6 7. Bg3 Qe7 8. Ne5 Bxe5 9. dxe5 Nd7 10. f4 O-O 11. Bd3 f6 12. exf6 Nxf6 13. Nf3 e5 14. fxe5 Ng4 15. Qd2 Ngxe5 16. Nxe5 Nxe5 17. Be2 Rd8 18. O-O Ng4 19. Rf3 Be6 20. h3 Nh6 21. Raf1 Rf8 22. Bd3 Rxf3 23. Rxf3 Rf8 24. Qf2 Rxf3 25. Qxf3 Qf7 26. Qxf7+ Nxf7 27. Bb8 a6 28. a3 Kf8 29. b4 cxb4 30. cxb4 Ke7 31. Bxh7 Ng5 32. Bd3 Ne4 33. Be5 g6 34. a4 Bf7 35. h4 Ke6 36. Bd4 Be8 37. a5 Nd6 38. g4 Nb5 39. Kf2 Na3 40. Kg3 Nc4 41. Kf4 Nd6 42. Kg5 Ne4+ 43. Kh6 Bf7 44. Kg7 Be8 45. Be2 Bf7 46. g5 Nf2 47. e4 Nxe4 48. Bg4+ Ke7 49. Bc8 Nd6 50. Bc5 Be8 51. Bxb7 Ke6 52. Bxd6 Kxd6 53. Bxa6 d4 54. Bd3 Ke5 55. b5 Kf4 56. a6 Ke3 57. a7 Kxd3 58. a8=Q 1-0


[Site "https://www.chess.com"]

[Event "Titled Tuesday Blitz June 21 Early 2022"]
[White "Karttunen, Mika"]
[Black "Szente Varga, Fruzsina"]
[WhiteFideId "502081"]
[BlackFideId "712264"]
[WhiteElo "2343"]
[BlackElo "1994"]
[Result "1-0"]
[Round "01"]
[TimeControl "180+1"]
[Date "2022.06.22"]
[WhiteClock "0:00:36"]
[BlackClock "0:00:17"]

1. d4 Nf6 2. c4 g6 3. Nc3 Bg7 4. e4 d6 5. Nf3 O-O 6. h3 e5 7. d5 Nbd7 8. Be3 a5 9. g4 Nc5 10. Nd2 Ne8 11. Rg1 Kh8 12. Qe2 Bd7 13. O-O-O c6 14. Kb1 Rb8 15. Bxc5 dxc5 16. Nb3 cxd5 17. Nxd5 b6 18. h4 h6 19. Bh3 Qc8 20. Rh1 Be6 21. a4 Nc7 22. Nd2 Nxd5 23. exd5 Bd7 24. b3 Qd8 25. h5 g5 26. Ne4 f5 27. gxf5 Bxf5 28. Bxf5 Rxf5 29. d6 Rf4 30. Rd5 Qd7 31. Rhd1 Qf5 32. Re1 Rd8 33. Ka2 Bf8 34. Rd3 Rd7 35. f3 Rh4 36. Red1 Qf4 37. R1d2 Rh3 38. Nf2 Rxh5 39. Ng4 Qf7 40. Nxe5 Rd8 41. Nxf7+ 1-0


[Site "https://www.chess.com"]

[Event "Titled Tuesday Blitz June 21 Early 2022"]
[White "Kobalia, Mikhail"]
[Black "Karas, Marek"]
[WhiteFideId "4119150"]
[BlackFideId "14928558"]
[WhiteElo "2667"]
[BlackElo "2271"]
[Result "1-0"]
[Round "01"]
[TimeControl "180+1"]
[Date "2022.06.22"]
[WhiteClock "0:00:47"]
[BlackClock "0:00:02"]

1. e4 e6 2. d3 d5 3. Nd2 Nf6 4. Ngf3 Nc6 5. e5 Nd7 6. d4 f6 7. Bb5 a6 8. Bxc6 bxc6 9. O-O fxe5 10. dxe5 Be7 11. Nd4 Nb8 12. Qh5+ g6 13. Qg4 Qd7 14. N2f3 c5 15. Ne2 O-O 16. Bg5 Nc6 17. Nf4 Bxg5 18. Qxg5 Rf5 19. Qg3 Qf7 20. Ng5 Qe7 21. h4 Rxe5 22. Rae1 Qf6 23. Rxe5 Qxe5 24. h5 Ne7 25. Nxg6 Nxg6 26. hxg6 Qxg3 27. gxh7+ Kh8 28. fxg3 Bd7 29. Rf7 Bb5 30. Rxc7 Re8 31. Nf7+ Kxh7 32. Nd6+ Kg6 33. Nxe8 Bxe8 34. Rxc5 Kf5 35. Kf2 Ke4 36. Rc3 d4 37. Rf3 e5 38. g4 Kd5 39. g5 e4 40. Rf5+ Ke6 41. Rf8 1-0


[Site "https://www.chess.com"]